 Dungeon Sprint DCSS version 0.17-a0-1450-g7e755d1 (webtiles) character file.

3051 pulse the Severer (level 10, -1/92 HPs)
             Began as a Formicid Berserker on June 30, 2015.
             Was the Champion of Trog.
             Slain by a komodo dragon (22 damage)
             ... in the Dungeon (Sprint IX: "|||||||||||||||||||||||||||||").
             The game lasted 00:03:51 (1279 turns).

pulse the Severer (Formicid Berserker)              Turns: 1279, Time: 00:03:52

Health: -1/92      AC: 12    Str: 30    XL:     10   Next: 11%
Magic:  3/4        EV: 11    Int:  7    God:    Trog [******]
Gold:   13         SH:  0    Dex: 11    Spells: 0 memorised, 9 levels left

rFire  . . .     SeeInvis +     r - +6 battleaxe of the Cup {antimagic, rPois}
rCold  . . .     Clarity  .     o - +1 scale mail
rNeg   . . .     SustAt   .     (no shield)
rPois  +         Gourm    .     (helmet unavailable)
rElec  .         Spirit   .     n - +2 cloak
rCorr  .         Warding  .     (no gloves)
rMut   .         Stasis   +     (no boots)
MR     +....                    (no amulet)
Stlth  +.........               q - +3 ring of strength
                                p - +3 ring of strength

@: somewhat resistant to hostile enchantments, very unstealthy
A: permanent stasis, dig shafts and tunnels, four strong arms, antennae 3
a: Dig, Burn Spellbooks, Trog's Hand, Brothers in Arms, Renounce Religion


You were in the Dungeon.
You worshipped Trog.
Trog was exalted by your worship.
You were not hungry.

You visited 1 branch You collected 13 gold pieces.

Inventory:

Hand weapons
 a - a +0 hand axe
 b - a +3 vampiric executioner's axe
 m - a +1 broad axe of chopping
 r - the +6 battleaxe of the Cup (weapon) {antimagic, rPois}
   (Trog gifted it to you in the Dungeon)

   It disrupts the flow of magical energy around spellcasters and certain
   magical creatures (including the wielder).
   It protects you from poison.
Armour
 n - a +2 cloak (worn)
 o - a +1 scale mail (worn)
Jewellery
 p - a +3 ring of strength (left hand)
 q - a +3 ring of strength (right hand)
Magical devices
 l - a wand of fire (8)
Scrolls
 i - 2 scrolls of blinking
 k - 3 scrolls of remove curse
 t - a scroll of fog
Potions
 c - a potion of agility
 e - 3 potions of heal wounds
 f - 2 potions of haste
 g - 4 potions of magic
 h - a potion of berserk rage
 j - 5 potions of curing
Comestibles
 d - 4 chunks of flesh


   Skills:
 + Level 13.2 Fighting
 * Level 15.8 Axes
 + Level 8.1 Armour
 - Level 2.4 Dodging
 + Level 4.4 Stealth
 + Level 4.2 Evocations


You had 9 spell levels left.
You didn't know any spells.

Dungeon Overview and Level Annotations

Branches:
Dungeon (1/1)

Altars:
Cheibriados
Dithmenos
Elyvilon
Fedhas
Gozag
Kikubaaqudgha
Makhleb
Nemelex Xobeh
Okawaru
Qazlal
Ru
Sif Muna
Trog
Vehumet
Xom
Yredelemnul
Zin
The Shining One
Beogh
Jiyva
Lugonu


Innate Abilities, Weirdness & Mutations

You are under a permanent stasis effect.
You can dig through walls and to a lower floor.
Your four strong arms can wield two-handed weapons with a shield.
You have a pair of large antennae on your head (SInv).


Message History

You are too injured to fight recklessly!
You are too injured to fight recklessly!
You are too injured to fight recklessly!
You are too injured to fight recklessly!
You are too injured to fight recklessly!
Unknown command.
Wield which item (- for none, * to show all)? (? for menu, Esc to quit)
Okay, then.
Drink which item? (? for menu, Esc to quit)
You feel much better.
The komodo dragon hisses menacingly.
The komodo dragon bites you!!
* * * LOW HITPOINT WARNING * * *
You barely miss the komodo dragon.
The komodo dragon is almost dead.
The komodo dragon bites you!
* * * LOW HITPOINT WARNING * * *
Drink which item? (? for menu, Esc to quit)
You feel much better. The komodo dragon bites you!!
You die...

{ ▓.▓_▓
{
▓.▓.▓_▓
{
▓.▓.▓_▓
{
▓S▓.▓_▓
{
▓F▓.▓_▓
{
▓l▓.▓_▓
{
▓t▓.▓_▓
{
▓l▓.▓_▓
{
▓@▓.▓_▓
{
▓.▓.▓_▓
{
▓.▓.▓_▓
▓.▓.▓_▓
{
▓.▓.▓_▓
{
▓÷▓.▓_▓
{
▓.▓.▓_▓
{
▓.▓.▓_▓
{
▓†▓.▓_▓


You could see 2 komodo dragons, a black mamba, a crocodile and a giant frog.

Vanquished Creatures
  An unseen horror (D)
  A griffon (D)
  A spiny frog (D)
  A kobold demonologist (D)
  A vampire mosquito (D)
  A wyvern (D)
  2 hippogriffs (D)
  3 porcupines (D)
  2 water moccasins (D)
  An ice beast (D)
  A sky beast (D)
  An orc warrior (D)
  A black bear (D)
  A scorpion (D)
  A quasit (D)
  2 iguanas (D)
  An adder (D)
  A river rat (D)
  2 giant geckos (D)
  A bat (D)
  2 giant cockroaches (D)
  A goblin (D)
  4 hobgoblins (D)
  A kobold (D)
34 creatures vanquished.

Notes
Turn   | Place    | Note
--------------------------------------------------------------
     0 | D        | pulse the Formicid Berserker began the quest for the Orb.
     0 | D        | Reached XP level 1. HP: 18/18 MP: 1/1
    12 | D        | Acquired Trog's second power
    12 | D        | Reached skill level 4 in Fighting
    26 | D        | Reached XP level 2. HP: 9/26 MP: 2/2
   347 | D        | Reached skill level 5 in Fighting
   349 | D        | Reached XP level 3. HP: 11/33 MP: 3/3
   354 | D        | Acquired Trog's third power
   528 | D        | Found a glowing silver altar of Zin.
   528 | D        | Found a glowing golden altar of the Shining One.
   528 | D        | Found an ancient bone altar of Kikubaaqudgha.
   528 | D        | Found a basalt altar of Yredelemnul.
   528 | D        | Found a shimmering altar of Xom.
   528 | D        | Found a radiant altar of Vehumet.
   529 | D        | Found an iron altar of Okawaru.
   530 | D        | Found a burning altar of Makhleb.
   531 | D        | Found a deep blue altar of Sif Muna.
   532 | D        | Found a bloodstained altar of Trog.
   533 | D        | Found a sparkling altar of Nemelex Xobeh.
   534 | D        | Found a white marble altar of Elyvilon.
   535 | D        | Found a roughly hewn altar of Beogh.
   536 | D        | Found a viscous altar of Jiyva.
   537 | D        | Found a corrupted altar of Lugonu.
   538 | D        | Found a blossoming altar of Fedhas.
   539 | D        | Found a snail-covered altar of Cheibriados.
   540 | D        | Found a shadowy altar of Dithmenos.
   541 | D        | Found a stormy altar of Qazlal.
   542 | D        | Found an opulent altar of Gozag.
   543 | D        | Found a sacrificial altar of Ru.
   591 | D        | Noticed a scorpion
   591 | D        | Noticed a wyvern
   591 | D        | Noticed an ice beast
   591 | D        | Noticed a quasit
   595 | D        | Killed a quasit
   595 | D        | Reached skill level 6 in Fighting
   595 | D        | Reached skill level 5 in Axes
   595 | D        | Reached XP level 4. HP: 35/40 MP: 4/4
   596 | D        | Killed an ice beast
   596 | D        | Reached skill level 7 in Fighting
   596 | D        | Reached XP level 5. HP: 38/49 MP: 5/5
   597 | D        | Killed a wyvern
   597 | D        | Reached skill level 9 in Fighting
   597 | D        | Reached skill level 1 in Stealth
   597 | D        | Reached XP level 6. HP: 24/58 MP: 6/6
   601 | D        | Killed a scorpion
   601 | D        | Reached skill level 10 in Axes
   866 | D        | Noticed an unseen horror
   866 | D        | Noticed a sky beast
   866 | D        | Noticed an orc warrior
   866 | D        | Noticed a kobold demonologist
   866 | D        | Noticed a griffon
   866 | D        | Noticed a vampire mosquito
   867 | D        | Noticed a hellwing
   870 | D        | Killed a vampire mosquito
   870 | D        | Reached skill level 10 in Fighting
   870 | D        | Reached skill level 11 in Axes
   870 | D        | Reached XP level 7. HP: 64/66 MP: 7/7
   875 | D        | Killed a griffon
   875 | D        | Reached skill level 12 in Axes
   875 | D        | Reached skill level 5 in Armour
   875 | D        | Reached skill level 1 in Evocations
   875 | D        | Reached XP level 8. HP: 47/75 MP: 7/9
   876 | D        | Noticed a sixfirhy
   887 | D        | Killed a kobold demonologist
   887 | D        | Received a gift from Trog
   887 | D        | Reached skill level 13 in Axes
   891 | D        | Killed an orc warrior
   893 | D        | Killed a sky beast
   899 | D        | Killed an unseen horror
   899 | D        | Reached skill level 14 in Axes
   899 | D        | Reached XP level 9. HP: 45/83 MP: 9/11
  1134 | D        | Noticed an iguana
  1134 | D        | Noticed a black bear
  1134 | D        | Noticed a hippogriff
  1134 | D        | Noticed a porcupine
  1134 | D        | Noticed a porcupine
  1134 | D        | Noticed an iguana
  1137 | D        | Killed a porcupine
  1137 | D        | Killed a porcupine
  1138 | D        | Killed a black bear
  1138 | D        | Received a gift from Trog
  1138 | D        | Killed an iguana
  1139 | D        | Noticed a hippogriff
  1139 | D        | Killed an iguana
  1143 | D        | Killed a hippogriff
  1143 | D        | Reached skill level 15 in Axes
  1145 | D        | Noticed a porcupine
  1147 | D        | Killed a hippogriff
  1153 | D        | Killed a porcupine
  1153 | D        | Received a gift from Trog
  1165 | D        | Got a dazzling battleaxe {god gift}
  1166 | D        | Identified the +6 battleaxe of the Cup {antimagic, rPois} (Trog gifted it to you in the Dungeon)
  1266 | D        | Noticed a komodo dragon
  1266 | D        | Noticed a crocodile
  1266 | D        | Noticed a komodo dragon
  1266 | D        | Noticed a water moccasin
  1266 | D        | Noticed a spiny frog
  1266 | D        | Noticed a water moccasin
  1267 | D        | Killed a water moccasin
  1268 | D        | Noticed a giant frog
  1272 | D        | Noticed a black mamba
  1272 | D        | Killed a spiny frog
  1272 | D        | Reached XP level 10. HP: 90/92 MP: 3/13
  1273 | D        | Killed a water moccasin
  1279 | D        | Slain by a komodo dragon

Vault maps used:
D:        linesprint

Action                   |  1- 3 |  4- 6 |  7- 9 | 10-12 || total
-------------------------+-------+-------+-------+-------++-------
Melee: Hand axe          |    46 |       |       |       ||    46
       Broad axe         |     2 |     7 |    37 |       ||    46
       Battleaxe         |       |       |     5 |     5 ||    10
Evoke: Wand              |     2 |     3 |     4 |       ||     9
  Use: Potion            |     1 |       |     3 |     2 ||     6
       Scroll            |       |       |     6 |       ||     6
 Stab: Invisible         |       |       |     1 |       ||     1
  Eat: Bread ration      |       |       |     1 |       ||     1
